 Dungeon Crawl Stone Soup version 0.27.0-1-g7a089689b8 (webtiles) character file.

Game seed: 13119536100843604919

9 Anothat the Shield-Bearer (level 2, 0/24 HPs)
             Began as a Formicid Fighter on Aug 15, 2021.
             Slain by a ball python (2 damage)
             ... on level 1 of the Dungeon.
             The game lasted 00:00:30 (100 turns).

Anothat the Shield-Bearer (Formicid Fighter)         Turns: 100, Time: 00:00:31

Health: 0/24       AC:  6    Str: 20    XL:     2   Next: 20%
Magic:  2/2        EV:  8    Int:  7    God:
Gold:   0          SH:  9    Dex: 10    Spells: 1/1 levels left

rFire    . . .     SeeInvis +   a - +0 war axe
rCold    . . .     Faith    .   c - +0 kite shield
rNeg     . . .     Spirit   .   b - +0 scale mail
rPois    .         Reflect  .   (helmet unavailable)
rElec    .         Harm     .   (no cloak)
rCorr    .         Rampage  .   (no gloves)
Will     .....                  (no boots)
Stlth    ..........             (no amulet)
HPRegen  0.08/turn              (no ring)
MPRegen  0.08/turn              (no ring)

@: no status effects
A: permanent stasis, dig shafts and tunnels, antennae 3, four strong arms
a: Dig, Shaft Self


You were on level 1 of the Dungeon.
You visited 1 branch of the dungeon, and saw 1 of its levels.

Inventory:

Hand Weapons
 a - a +0 war axe (weapon)
Armour
 b - a +0 scale mail (worn)
 c - a +0 kite shield (worn)
Scrolls
 e - a scroll of noise {unknown}
Potions
 d - a potion of might


   Skills:
 + Level 3.5 Fighting
 + Level 2.2 Axes
 - Level 3.3 Armour
 + Level 3.9 Shields


You had one spell level left.
You didn't know any spells.
Your spell library was empty.

Dungeon Overview and Level Annotations

Branches:
Dungeon (1/15)

Altars:


Innate Abilities, Weirdness & Mutations

You cannot be hasted, slowed, berserked, paralysed or teleported.
You can dig through walls and to a lower floor.
You have a pair of large antennae on your head. (SInv)
Your four strong arms can wield two-handed weapons with a shield.


Message History

You are too injured to fight recklessly!
You are too injured to fight recklessly!
You are too injured to fight recklessly!
You hit the hobgoblin.
The hobgoblin is almost dead.
The hobgoblin hits you. x2
You closely miss the hobgoblin.
The hobgoblin is almost dead.
The hobgoblin closely misses you.
The hobgoblin hits you but does no damage.
Your shield prevents you from hitting the hobgoblin.
The hobgoblin is almost dead.
The hobgoblin hits you but does no damage.
You barely miss the hobgoblin.
The hobgoblin is almost dead.
The hobgoblin hits you.
* * * LOW HITPOINT WARNING * * *
The hobgoblin closely misses you.
You slash the hobgoblin!
You kill the hobgoblin!
The kobold hits you but does no damage.
You hit the kobold but do no damage.
The kobold hits you with a +0 short sword.
* * * LOW HITPOINT WARNING * * *
You closely miss the kobold. The kobold barely misses you.
You block the kobold's attack.
You closely miss the kobold.
The kobold hits you with a +0 short sword.
* * * LOW HITPOINT WARNING * * *
A ball python comes into view.
Okay, then.
Your shield and scale mail prevent you from hitting the kobold.
You block the kobold's attack. x2
You hit the kobold.
You kill the kobold!
You block the ball python's attack. x2
You hit the ball python.
The ball python is moderately wounded.
The ball python bites you.
You die...

#.##... #.#...#
#.....# #.#..#
##.#.# ###..†.#
#....##########
#..#.##........
##...rS@.#######
##..#..####
###.....##
#^#....######
#####........#
#...##.#####..#
+.>.'..#
#...#### {
###.###


You could see a ball python and a rat.

Vanquished Creatures
  An endoplasm (D:1)
  A hobgoblin (D:1)
  3 jackals (D:1)
  A ball python (D:1)
  A kobold (D:1)
  A rat (D:1)
8 creatures vanquished.

Notes
Turn   | Place    | Note
-------+----------+-------------------------------------------
     0 | D:1      | Anothat the Formicid Fighter began the quest for the Orb.
     0 | D:1      | Reached XP level 1. HP: 18/18 MP: 1/1
     0 | D:1      | Noticed a palentonga
     1 | D:1      | Noticed a barachi
     1 | D:1      | Noticed a vine stalker
     3 | D:1      | Noticed a minotaur
     5 | D:1      | Noticed a palentonga
     7 | D:1      | Noticed a draconian
     8 | D:1      | Noticed an octopode
     9 | D:1      | Noticed a tengu
    11 | D:1      | Noticed a tengu
    11 | D:1      | Noticed an ogre
    13 | D:1      | Noticed a spriggan
    13 | D:1      | Noticed a human
    15 | D:1      | Noticed a troll
    15 | D:1      | Noticed a merfolk
    17 | D:1      | Noticed a vine stalker
    17 | D:1      | Noticed a gargoyle
    17 | D:1      | Noticed a vampire
    19 | D:1      | Noticed a demigod
    19 | D:1      | Noticed a tengu
    83 | D:1      | Reached XP level 2. HP: 17/24 MP: 2/2
   100 | D:1      | Slain by a ball python

Illustrated notes

Levels and vault maps discovered:
D:1:      shiori_arrival_whats_in_store_for_you, layout_rooms,
          patterned_corridor

Action                   || total
-------------------------++-------
Melee: War axe           ||    24
Armor: Scale mail        ||    11
Dodge: Dodged            ||     8
Block: Kite shield       ||    18
